 Dungeon Crawl Stone Soup version 0.21-a0-476-gd103f4b (webtiles) character file.

10861 theanonym the Spear-Bearer (level 11, -6/83 HPs)
             Began as a Merfolk Gladiator on Nov 22, 2017.
             Was a Believer of Fedhas.
             Mangled by a minotaur
             ... wielding a +1 glaive of venom
              (21 damage)
             ... in a labyrinth.
             The game lasted 00:47:44 (14580 turns).

theanonym the Spear-Bearer (Merfolk Gladiator)     Turns: 14580, Time: 00:47:44

Health: -6/83      AC: 12    Str: 22    XL:     11   Next: 68%
Magic:  11/13      EV: 14    Int:  9    God:    Fedhas [**....]
Gold:   911        SH:  0    Dex: 15    Spells: 5/10 levels left

rFire    . . .     SeeInvis .   a - +2 trident (freeze)
rCold    + . .     Gourm    .   (no shield)
rNeg     . . .     Faith    .   v - +0 chain mail
rPois    .         Spirit   .   c - +0 helmet
rElec    .         Reflect  .   (no cloak)
rCorr    .         Harm     .   (no gloves)
MR       ++...                  j - +0 pair of boots
Stlth    ..........             (no amulet)
HPRegen  0.23/turn              l - +3 ring of strength
MPRegen  0.13/turn              E - ring of protection from magic {MR+}

@: lethally poisoned (-6 -> -34), glowing
A: change form in water, swift swim, stealthy swim, clever 1, cold resistance 1,
frail 1, magic resistance 1
a: Fungal Bloom, Evolution, Sunlight, Renounce Religion


Innate Abilities, Weirdness & Mutations

You revert to your normal form in water.
You are very nimble and swift while swimming.
You are very stealthy in the water. (Stealth+)
Your mind is acute. (Int +2)
Your flesh is cold resistant. (rC+)
You are frail. (-10% HP)
You are resistant to hostile enchantments. (MR+)


   Skills:
 + Level 11.0 Fighting
 - Level 14.0 Polearms
 - Level 2.0 Throwing
 + Level 6.4 Armour
 - Level 10.1 Dodging
 + Level 3.7 Invocations


You had 5 spell levels left.
You knew the following spells:

 Your Spells              Type           Power        Failure   Level  Hunger
a - Blink                 Tloc           N/A          99%         2    ###....
r - Regeneration          Chrm/Necr      #.........   100%        3    ####...

Skill      XL: |  1  2  3  4  5  6  7  8  9 10 11 |
---------------+----------------------------------+-----
Polearms       | 5 6 8 10 12 14 | 14.0
Fighting       | 4 6 7 9 11 | 11.0
Armour         | 3 5 6 |  6.4
Dodging        | 7 10 | 10.1
Invocations    | 3 |  3.7
Throwing       | |  2.0

Action                   |  1- 3 |  4- 6 |  7- 9 | 10-12 || total
-------------------------+-------+-------+-------+-------++-------
Melee: Trident           |   143 |   227 |   182 |   467 ||  1019
       Scythe            |       |       |   231 |       ||   231
       Tailslap          |       |       |     4 |       ||     4
 Fire: Blowgun           |       |       |       |     6 ||     6
Throw: Throwing net      |       |     3 |       |       ||     3
Invok: Fungal Bloom      |       |       |    36 |    44 ||    80
       Evolution         |       |       |     3 |    10 ||    13
       Sunlight          |       |       |       |     2 ||     2
Evoke: Wand              |       |       |    22 |     1 ||    23
  Use: Potion            |       |     3 |     6 |     5 ||    14
       Scroll            |       |       |    15 |     9 ||    24
 Stab: Sleeping          |     3 |     1 |       |       ||     4
       Held in net/web   |       |     3 |       |       ||     3
       Paralysed         |       |       |    12 |     2 ||    14
  Eat: Chunk             |     2 |     7 |     4 |       ||    13
       Meat ration       |       |       |     3 |       ||     3
       Bread ration      |       |       |       |     4 ||     4
Armor: Leather armour    |    17 |    12 |       |       ||    29
       Ring mail         |       |    28 |       |       ||    28
       Scale mail        |       |     6 |    60 |       ||    66
       Skin              |       |     1 |     3 |       ||     4
       Chain mail        |       |       |    79 |    76 ||   155
Dodge: Dodged            |    74 |   108 |   222 |   141 ||   545

Inventory:

Hand Weapons
 a - a +2 trident of freezing (weapon)
   (You took it off an orc warrior on level 9 of the Dungeon)
 b - a +4 blowgun
   (You took it off a kobold on level 8 of the Dungeon)
 C - a +0 scythe
   (You took it off Sigmund on level 4 of the Dungeon)
Missiles
 m - 3 curare-tipped needles
 H - 17 poisoned needles
Armour
 c - a +0 helmet (worn)
 j - a +0 pair of boots (worn)
   (You found it on level 1 of the Dungeon)
 v - a +0 chain mail (worn)
   (You found it on level 7 of the Dungeon)
 w - a +0 ring mail
   (You found it on level 1 of the Dungeon)
 x - a +0 scale mail
   (You found it on level 3 of the Dungeon)
Jewellery
 d - a +2 ring of slaying
   (You found it on level 9 of the Dungeon)
 l - a +3 ring of strength (left hand)
   (You found it on level 1 of the Dungeon)
 B - a cursed amulet of inaccuracy
   (You found it on level 3 of the Dungeon)
 E - a ring of protection from magic (right hand) {MR+}
   (You found it on level 10 of the Dungeon)
Scrolls
 f - a scroll of fog {!r}
 n - a scroll of remove curse
 p - a scroll of amnesia
 r - a scroll of identify
 u - 2 scrolls of enchant armour
 y - a scroll of magic mapping {!r}
Potions
 i - 3 potions of flight
 F - 2 potions of brilliance
Comestibles
 e - 3 bread rations
 g - 15 fruits {!e}
 o - 2 royal jellies
 s - 2 meat rations

Dungeon Overview and Level Annotations

Branches:
Dungeon (12/15)            Temple (0/1) D:6            Lair (0/6) D:9
    Orc (2/2) D:12            Elf (0/3) Orc:2

Altars:
Cheibriados
Elyvilon
Fedhas
Gozag
Kikubaaqudgha
Sif Muna
Uskayaw
Xom
Yredelemnul
Zin
Beogh

Shops:
D:4 (

Annotations:
D:8 Pikel, Psyche
D:11 1 runed door, exclusion: ice statue You were in a labyrinth. You worshipped Fedhas. Fedhas was pleased with you. You were not hungry. You visited 2 branches of the dungeon, and saw 14 of its levels. You also visited: Labyrinth and Bailey. You collected 911 gold pieces.


Message History

Done exploring.
Health restored: 83 You eat one of the 4 bread rations.
That bread ration really hit the spot!
Done exploring.
Done exploring.
Done exploring.
You swap places.
There is a stone staircase leading down here.
You climb downwards.
You hear a distant snort.
Hark!
There is an entrance to a minotaur's labyrinth on this level.
Find the entrance quickly before the gate is sealed!
Found 12 gold pieces.
There is a stone staircase leading up here.
Unknown command.
Really read
y - 2 scrolls of magic mapping {!r}?
As you read the scroll of magic mapping {!r}, it crumbles to dust.
You feel aware of your surroundings.
You sensed 8 altars, and 5 shops/portals.
You swap places.
Found 23 gold pieces.
Found 31 gold pieces.
An orc wizard comes into view. It is wielding a dagger.
The orc wizard shouts!
You hear a shout!
Found a labyrinth entrance.
An orc warrior comes into view. It is wielding a short sword.
A warg and an orc come into view.
The orc warrior shouts!
The warg howls!
You hear a shout!
Found 27 gold pieces.
Found a roughly hewn altar of Beogh.
Found a stone staircase leading up.
The orc wizard casts a spell.
The orc wizard flickers and vanishes!
Deactivating autopickup; reactivate with Ctrl-A.
An orc sorcerer comes into view. It is wielding a dagger.
An orc comes into view.
The orc shouts!
You hear a shout!
The warg closely misses you. The orc hits you. The warg closely misses you.
You take 1 damage, and have 82/83 hp.
The orc hits you.
An orc warrior comes into view. It is wielding a trident.
You take 1 damage, and have 81/83 hp.
There is a labyrinth entrance here.
Beware, the minotaur awaits!
The warg bites you but does no damage.
The world spins around you as you enter the gateway.
As you enter the labyrinth, previously moving walls settle noisily into place.
You hear the metallic echo of a distant snort before it fades into the rock.
Unknown command.
Unknown command.
Unknown command.
Unknown command.
Unknown command.
Health restored: 83 You hear the creaking of ancient gears!
Okay, then.
Okay, then.
Okay, then.
Unknown command.
Okay, then.
Unknown command.
As you open the door, it creaks loudly!
A minotaur comes into view. It is wielding a glaive of venom.
The minotaur unwields an uncursed glaive of venom.
It stops dripping with poison.
The minotaur wields a longbow.
The minotaur shoots an arrow.
The arrow hits you.
Found a plate armour, an orc skeleton, a pair of gloves and a shield.
You take 6 damage, and have 77/83 hp.
Select sunlight destination.
Aim: a minotaur, wielding a longbow, wearing a runed plate armour and wearing a large jasper amulet You feel slightly more hungry.
The minotaur shoots an arrow.
The arrow hits you!!
You take 29 damage, and have 48/83 hp.
MASSIVE DAMAGE!!
You now have 11/13 mp.
Found an escape hatch in the ceiling.
There is an open door here.
The minotaur unwields an uncursed longbow.
The minotaur wields an uncursed glaive of venom.
It begins to drip with poison!
The minotaur hits you with an uncursed glaive of venom!!
* * * LOW HITPOINT WARNING * * *
You are lethally poisoned!
The minotaur gores you but does no damage.
You take 26 damage, and have 22/83 hp.
MASSIVE DAMAGE!!
Okay, then.
You hit the minotaur but do no damage.
* * * LOW HITPOINT WARNING * * *
You feel sick. The minotaur misses you. x2
You take 2 damage, and have 20/83 hp.
You hit the minotaur but do no damage.
* * * LOW HITPOINT WARNING * * *
You feel sick.
You take 2 damage, and have 18/83 hp.
Okay, then.
Unknown command.
You hit the minotaur. You freeze the minotaur.
* * * LOW HITPOINT WARNING * * *
You feel sick.
You take 1 damage, and have 17/83 hp.
You hit the minotaur but do no damage.
* * * LOW HITPOINT WARNING * * *
You feel sick.
The minotaur hits you with an uncursed glaive of venom!!
You die...
Fedhas appreciates your contribution to the ecosystem.

.# ## .# # .. ..
.# # . . #.#
..#. .. ..##.#
#########....#
#8[8รท8.8#(.###
#<....H@'(...#
#8[8[8.8#.######
#########... ..#
........#.# #
..# #... .# #
####.### # ....#
###.### #...#


You could see a minotaur.

Notes
Turn   | Place    | Note
-------+----------+-------------------------------------------
     0 | D:1      | theanonym the Merfolk Gladiator began the quest for the Orb.
     0 | D:1      | Reached XP level 1. HP: 16/16 MP: 1/1
    59 | D:1      | Reached skill level 5 in Polearms
    82 | D:1      | Reached XP level 2. HP: 22/22 MP: 2/2
   762 | D:1      | Reached skill level 6 in Polearms
   762 | D:1      | Reached XP level 3. HP: 27/27 MP: 3/3
  1204 | D:2      | Found a snail-covered altar of Cheibriados.
  1661 | D:2      | Reached XP level 4. HP: 32/33 MP: 4/4
  1735 | D:2      | Reached skill level 7 in Polearms
  2613 | D:3      | Reached skill level 8 in Polearms
  2617 | D:3      | Reached XP level 5. HP: 19/38 MP: 5/5
  2618 | D:3      | HP: 19/38 [poisoned by an adder]
  2626 | D:3      | HP: 17/38 [poisoned by an adder]
  2634 | D:3      | HP: 16/38 [poisoned by an adder]
  3009 | D:3      | Found a deep blue altar of Sif Muna.
  3550 | D:4      | Found Saenuanku's Weapon Emporium.
  3586 | D:4      | Noticed Sigmund
  3619 | D:4      | HP: 17/38 [something (3)]
  3620 | D:4      | Reached skill level 9 in Polearms
  3625 | D:4      | Killed Sigmund
  3625 | D:4      | Reached skill level 10 in Polearms
  3625 | D:4      | Reached XP level 6. HP: 26/44 MP: 6/6
  3741 | D:4      | Reached XP level 7. HP: 38/51 MP: 7/7
  3879 | D:4      | Reached skill level 3 in Fighting
  3879 | D:4      | Reached skill level 11 in Polearms
  3995 | D:4      | Found an ancient bone altar of Kikubaaqudgha.
  4149 | D:4      | Found a blossoming altar of Fedhas.
  4157 | D:4      | Became a worshipper of Fedhas Madash
  4454 | D:5      | Entered Level 5 of the Dungeon
  4469 | D:5      | Found an opulent altar of Gozag.
  4469 | D:5      | Found a basalt altar of Yredelemnul.
  4470 | D:5      | Found a shimmering altar of Xom.
  4591 | D:5      | Found a white marble altar of Elyvilon.
  4867 | D:5      | Reached skill level 4 in Fighting
  4875 | D:5      | Reached skill level 12 in Polearms
  4875 | D:5      | Reached XP level 8. HP: 36/60 MP: 8/8
  5124 | D:6      | Found a staircase to the Ecumenical Temple.
  5344 | D:6      | Noticed Menkaure
  5345 | D:6      | theanonym: !lg * win urune<=5 cv=0.19|0.20 god=fedhas mfgl -log
  5345 | D:6      | beem: 5. Krenium, XL27 MfGl, T:75019: http://crawl.akrasiac.org/rawdata/Krenium/morgue-Krenium-20170708-101609.txt
  5345 | D:6      | theanonym: !lg * win urune<=5 cv=0.19|0.20 god=fedhas mfgl -log -2
  5345 | D:6      | beem: 4/5. LAEvanesce, XL27 MfGl, T:70399: http://crawl.berotato.org/crawl/morgue/LAEvanesce/morgue-LAEvanesce-20170627-012809.txt
  5355 | D:6      | Killed Menkaure
  5933 | D:7      | Found an ancient bone altar of Kikubaaqudgha.
  5941 | D:7      | Found a flagged portal.
  5978 | Bailey   | Entered a bailey
  6010 | Bailey   | Reached * piety under Fedhas
  6068 | Bailey   | Noticed an orc knight
  6078 | Bailey   | Reached skill level 5 in Fighting
  6096 | Bailey   | HP: 26/62 [orc knight/halberd (19)]
  6440 | Bailey   | Learned a level 2 spell: Blink
  6443 | Bailey   | HP: 27/62 [orc knight/halberd (20)]
  6557 | Bailey   | HP: 27/62 [orc warrior/glaive (10)]
  6562 | Bailey   | Reached skill level 13 in Polearms
  6743 | Bailey   | HP: 28/62 [orc warrior/glaive (34)]
  6931 | Bailey   | HP: 28/63 [orc warrior/spear (8)]
  7140 | Bailey   | HP: 11/63 [orc knight/halberd (25)]
  7853 | D:7      | Reached skill level 6 in Fighting
  7853 | D:7      | Reached skill level 14 in Polearms
  7853 | D:7      | Reached XP level 9. HP: 60/69 MP: 9/9
  8227 | D:8      | Noticed Pikel
  8239 | D:7      | Reached skill level 1 in Armour
  8376 | D:8      | Reached skill level 5 in Dodging
  8659 | D:8      | HP: 35/71 [killer bee (2)]
  8671 | D:8      | Reached skill level 2 in Armour
  8949 | D:8      | Noticed Prince Ribbit
  8975 | D:8      | Killed Prince Ribbit
  8975 | D:8      | Reached skill level 7 in Fighting
  8975 | D:8      | Reached skill level 6 in Dodging
  9026 | D:8      | HP: 35/72 [poisoned by a killer bee]
  9031 | D:8      | HP: 30/72 [poisoned by a killer bee]
  9038 | D:8      | HP: 28/72 [killer bee (7)]
  9044 | D:7      | HP: 18/72 [poisoned by a killer bee]
  9049 | D:7      | HP: 17/72 [poisoned by a killer bee]
  9054 | D:7      | HP: 16/72 [poisoned by a killer bee]
  9061 | D:7      | HP: 16/72 [poisoned by a killer bee]
  9069 | D:7      | HP: 16/72 [poisoned by a killer bee]
  9489 | D:8      | Reached ** piety under Fedhas
  9494 | D:8      | Noticed Psyche
  9512 | D:8      | HP: 36/72 [something/magic dart (6)]
  9521 | D:8      | HP: 25/108 [something (5)]
  9522 | D:8      | HP: 5/108 [something (19)]
  9523 | D:8      | HP: 1/72 [something (4)]
  9541 | D:8      | HP: 26/72 [orc warrior/long sword of holy wrath (4)]
  9549 | D:8      | Reached skill level 3 in Armour
  9549 | D:8      | Reached skill level 7 in Dodging
  9551 | D:8      | HP: 20/73 [wolf[Grum] (8)]
  9557 | D:8      | HP: 18/74 [wolf[Grum] (3)]
  9561 | D:8      | Reached XP level 10. HP: 14/80 MP: 5/10
  9570 | D:8      | Noticed Grum
  9578 | D:8      | Killed Grum
  9578 | D:8      | Reached skill level 8 in Fighting
  9994 | D:8      | Reached skill level 8 in Dodging
 10242 | D:9      | Noticed Erica
 10282 | D:9      | HP: 41/82 [poisoned by Erica (bolt of poison)]
 10287 | D:9      | Killed Erica
 10287 | D:9      | Reached skill level 4 in Armour
 10289 | D:9      | HP: 30/82 [poisoned by Erica (bolt of poison)]
 10295 | D:9      | HP: 29/82 [poisoned by Erica (bolt of poison)]
 10303 | D:9      | HP: 28/82 [poisoned by Erica (bolt of poison)]
 10311 | D:9      | HP: 28/82 [poisoned by Erica (bolt of poison)]
 10626 | D:9      | Noticed an elephant
 10628 | D:9      | HP: 38/82 [orc warrior/trident of freezing (5)]
 10636 | D:9      | HP: 38/82 [orc wizard/puff of flame (2)]
 10854 | D:9      | HP: 31/82 [orc warrior/flail of protection (20)]
 11201 | D:9      | Reached skill level 9 in Fighting
 11228 | D:9      | Reached skill level 9 in Dodging
 11248 | D:9      | Found a staircase to the Lair.
 11832 | D:9      | Found a hide-covered altar of Uskayaw.
 11945 | D:10     | Entered Level 10 of the Dungeon
 12081 | D:10     | Reached skill level 5 in Armour
 12149 | D:10     | Noticed a two-headed ogre
 12166 | D:10     | Killed a two-headed ogre
 12166 | D:10     | Reached skill level 10 in Dodging
 12166 | D:10     | Reached XP level 11. HP: 90/90 MP: 11/11
 12310 | D:10     | Reached skill level 10 in Fighting
 12628 | D:10     | Learned a level 3 spell: Regeneration
 12675 | D:11     | Reached *** piety under Fedhas
 12726 | D:11     | Noticed a cyclops
 12740 | D:11     | HP: 27/92 [cyclops/large rock (34)]
 12748 | D:11     | Found a glowing silver altar of Zin.
 12749 | D:11     | Noticed an angel
 12749 | D:11     | Found a runed door.
 13038 | D:11     | Noticed a two-headed ogre
 13043 | D:11     | Killed a two-headed ogre
 13043 | D:11     | Reached skill level 1 in Invocations
 13058 | D:11     | Reached skill level 6 in Armour
 13085 | D:11     | Noticed a two-headed ogre
 13095 | D:11     | Noticed a cyclops
 13095 | D:11     | HP: 27/92 [cyclops/large rock (45)]
 13104 | D:11     | HP: 13/92 [something (16)]
 13108 | D:12     | Noticed a cyclops
 13309 | D:12     | Gained mutation: You are frail. (-10% HP) [potion of mutation]
 13309 | D:12     | Gained mutation: Your flesh is cold resistant. (rC+) [potion of mutation]
 13309 | D:12     | Gained mutation: You are resistant to hostile enchantments. (MR+) [potion of mutation]
 13309 | D:12     | Gained mutation: Your mind is acute. (Int +2) [potion of mutation]
 13315 | D:12     | HP: 37/82 [cyclops/large rock (24)]
 13318 | D:12     | Killed a cyclops
 13318 | D:12     | Reached skill level 2 in Invocations
 13494 | D:12     | Noticed a deep elf mage
 13495 | D:12     | Noticed a two-headed ogre
 13513 | D:12     | Killed a two-headed ogre
 13513 | D:12     | Reached skill level 3 in Invocations
 13528 | D:12     | HP: 18/82 [deep elf mage/stone arrow (31)]
 13533 | D:12     | HP: 41/82 [poisoned by a soldier ant]
 13540 | D:12     | HP: 38/82 [poisoned by a soldier ant]
 13545 | D:12     | HP: 37/82 [poisoned by a soldier ant]
 13569 | D:12     | HP: 21/82 [deep elf mage/stone arrow (25)]
 13570 | D:12     | Found a staircase to the Orcish Mines.
 13573 | Orc:1    | Entered Level 1 of the Orcish Mines
 14094 | Orc:1    | Reached skill level 11 in Fighting
 14249 | Orc:2    | Entered Level 2 of the Orcish Mines
 14271 | Orc:2    | Found a labyrinth entrance.
 14272 | Orc:2    | Found a roughly hewn altar of Beogh.
 14275 | Orc:2    | Noticed an orc sorcerer
 14280 | Orc:2    | Noticed an orc knight
 14280 | Lab      | Entered a labyrinth
 14572 | Lab      | Noticed a minotaur
 14576 | Lab      | HP: 22/83 [minotaur/uncursed glaive of venom (26)]
 14580 | Lab      | Mangled by a minotaur

Vanquished Creatures
  Erica (D:9)
  2 two-headed ogres
  A cyclops (D:12)
  A troll (D:10)
  A hornet (D:9)
  A hippogriff (D:10)
  Sigmund (D:4)
  A human (D:8)
  6 yaks
  2 hogs (D:8)
  Menkaure (D:6)
  Grum (D:8)
  2 wargs
  A soldier ant (D:12)
  10 orc warriors
  2 black bears
  A centaur (D:7)
  A phantom (D:8)
  6 ogres
  2 wolves (D:8)
  2 crocodiles (D:9)
  A big kobold (D:8)
  7 bullfrogs
  A wyvern skeleton (D:9)
  2 scorpions
  3 wights (D:7)
  8 killer bees
  2 howler monkeys
  4 crimson imps
  A quasit (D:8)
  4 jellies
  2 centaur skeletons
  3 bullfrog skeletons
  6 hounds
  5 orc priests
  8 orc wizards
  4 iguanas
  6 worker ants
  13 adders
  3 gnolls (D:10)
  2 shadow imps
  An adder skeleton (D:10)
  A worm (D:2)
  6 leopard geckos
  49 orcs
  A ball python (D:3)
  5 bats
  9 giant cockroaches
  19 goblins
  6 hobgoblins
  28 jackals
  18 kobolds
  3 quokkas
  A ball python skeleton (D:4)
  5 frilled lizards
  A leopard gecko skeleton (D:8)
  A quokka skeleton (D:5)
  7 rats
  2 toadstools (D:8)
294 creatures vanquished.

Vanquished Creatures (collateral kills)
  A two-headed ogre (D:10)
  Prince Ribbit (D:8)
  A shadow (D:12)
  2 hogs (D:8)
  An orc warrior (D:9)
  A black bear (D:11)
  A gnoll sergeant (D:10)
  A water moccasin skeleton (D:8)
  A killer bee (D:8)
  A jelly (D:10)
  An orc priest (Orc:1)
  2 worker ants
  2 orc wizards
  2 gnolls (D:10)
  2 orcs
20 creatures vanquished.

Vanquished Creatures (others)
  11 wandering mushrooms
  153 toadstools
164 creatures vanquished.

Grand Total: 478 creatures vanquished
